 Dungeon Crawl Stone Soup version 0.29-a0-887-gcbe080d7e0 (webtiles) character file.

Game seed: 18372296728643156676

122 avis the Chiller (level 4, -4/36 HPs)
             Began as a Demigod Ice Elementalist on July 22, 2022.
             Slain by a gnoll
             ... wielding a +0 flail
              (6 damage)
             ... on level 3 of the Dungeon.
             The game lasted 00:17:06 (2897 turns).

avis the Chiller (Demigod Ice Elementalist)         Turns: 2897, Time: 00:17:08

Health: -4/36      AC: 10    Str:  9    XL:     4   Next: 50%
Magic:  1/11       EV: 12    Int: 17    God:
Gold:   163        SH:  0    Dex: 18    Spells: 5/9 levels left

rFire   x . .      SeeInvis .   a - +0 great sword
rCold   + . .      Faith    .   (shield currently unavailable)
rNeg    . . .      Spirit   .   r - +3 leather armour of Galeleosad {Rampage}
rPois   .          Reflect  .   (no helmet)
rElec   .          Harm     .   (no cloak)
rCorr   .          Rampage  +   (no gloves)
Will    .....                   (no boots)
Stlth   ++........              (no amulet)
HPRegen 0.12/turn               d - ring of ice
MPRegen 0.12/turn               (no ring)

@: ice-armoured
A: high MP 1, forlorn, divine attributes
a: no special abilities


You were on level 3 of the Dungeon.
You visited 1 branch of the dungeon, and saw 3 of its levels.

You collected 163 gold pieces.

Inventory:

Hand Weapons
 a - a +0 great sword (weapon)
Missiles
 e - 4 poisoned darts
 v - 6 silver javelins
Armour
 c - a +0 robe
 r - the +3 leather armour of Galeleosad (worn) {Rampage}
   (You found it on level 2 of the Dungeon)

   Rampage:   It bestows one free step when moving towards enemies.
Magical Staves
 n - a staff of conjuration
Jewellery
 d - a ring of ice (left hand)
Scrolls
 g - 2 scrolls of identify {unknown}
 l - a scroll of silence {unknown}
 m - 2 scrolls of poison {unknown}
 o - a scroll of enchant weapon {unknown}
 p - a scroll of fear {unknown}
 s - a scroll of magic mapping {unknown}
 w - a scroll of brand weapon {unknown}
Potions
 b - a potion of magic
 f - 2 potions of resistance {unknown}
 h - a potion of lignification {unknown}
 i - a potion of mutation {unknown}
 j - 2 potions of might {unknown}
 k - 2 potions of degeneration {unknown}
 q - 2 potions of haste {unknown}
 t - a potion of flight {unknown}
 u - a potion of attraction {unknown}


   Skills:
 - Level 2.0 Fighting
 - Level 2.0 Dodging
 - Level 2.0 Stealth
 - Level 3.0 Spellcasting
 * Level 4.2 Ice Magic


You had 5 spell levels left.
You knew the following spells:

 Your Spells              Type           Power      Damage    Failure   Level
a - Freeze                Ice            100%       1d11      4%          1
o - Ozocubu's Armour      Ice            25%        N/A       13%         3

Your spell library contained the following spells:

 Spells                   Type           Power      Damage    Failure   Level
 Frozen Ramparts          Ice            50%        1d7       13%         3
 Hailstorm                Conj/Ice       14%        3d5       71%         4


Dungeon Overview and Level Annotations

Branches:
Dungeon (3/15)


Innate Abilities, Weirdness & Mutations

You have an increased reservoir of magic. (+10% MP)
You shall have no god before yourself.
Your divine heritage dramatically boosts your attributes as you level up.


Message History

Casting: Ozocubu's Armour (quite dangerous; 14% risk of failure)
Confirm with . or Enter, or press ? or * to list all spells.
Aiming: Freeze (safe; 4% risk of failure)
Press: ? - help, Shift-Dir - straight line, f - gnoll
Aim: a gnoll, wielding a +0 halberd You feel a surge of power!
You freeze the gnoll.
The gnoll is moderately wounded.
The adder bites you but does no damage. The gnoll closely misses you. x3
Unknown command.
Casting: Freeze (safe; 4% risk of failure)
Confirm with . or Enter, or press ? or * to list all spells.
Aiming: Freeze (safe; 4% risk of failure)
Press: ? - help, Shift-Dir - straight line, f/p - gnoll
Aim: a gnoll, wielding a +0 halberd (moderately wounded)
You feel a surge of power!
You freeze the gnoll!
The gnoll is almost dead.
The adder closely misses you. The gnoll hits you but does no damage.
The gnoll hits you from afar with a +0 halberd!
* * * LOW HITPOINT WARNING * * *
The gnoll hits you but does no damage. The gnoll closely misses you.
Casting: Freeze (safe; 4% risk of failure)
Confirm with . or Enter, or press ? or * to list all spells.
Aiming: Freeze (safe; 4% risk of failure)
Press: ? - help, Shift-Dir - straight line, f/p - gnoll
Aim: a gnoll, wielding a +0 halberd (almost dead)
You feel a surge of power!
You freeze the gnoll!
You kill the gnoll!
The adder bites you but does no damage. The adder misses you.
The gnoll barely misses you. x2; The gnoll misses you.
You miss the adder. The adder closely misses you. The gnoll barely misses you.
The gnoll closely misses you. The gnoll completely misses you.
The adder bites you but does no damage.
You slash the gnoll!
The gnoll is severely wounded.
The adder barely misses you. The gnoll barely misses you. x3
The adder completely misses you.
The gnoll hits you from afar with a +0 halberd!
* * * LOW HITPOINT WARNING * * *
The gnoll hits you with a +0 flail.
You die...

#.......###
#.#... #.......#
#.#.## #.......#
#.#.#<
########.......#
#...#.
#..............#
######
#........#######
#...
#.......†########
#...
#........).......
####
#....)...@S......
########.ggg.....
#......... ###
#......... #..
###########
#......... #..
....^.....#
#......... ###..
..........#
#......... #.'..
..........#
#......... #.#..
..........#
#......... #.#..


You could see 3 gnolls and an adder.

Vanquished Creatures
  A gnoll (D:3)
  5 adders
  A worm (D:3)
  A dart slug (D:2)
  3 bats
  4 endoplasms
  6 giant cockroaches
  6 hobgoblins
  3 jackals (D:2)
  3 quokkas
  5 ball pythons
  4 frilled lizards
  11 goblins
  3 kobolds (D:3)
  5 rats
61 creatures vanquished.

Notes
Turn   | Place    | Note
-------+----------+-------------------------------------------
     0 | D:1      | avis the Demigod Ice Elementalist began the quest for the
                  | Orb.
     0 | D:1      | Reached XP level 1. HP: 14/14 MP: 5/5
    95 | D:1      | Reached skill level 1 in Fighting
   206 | D:1      | Reached XP level 2. HP: 23/23 MP: 7/7
   341 | D:1      | Reached skill level 4 in Ice Magic
   747 | D:2      | Reached XP level 3. HP: 18/28 MP: 1/8
  1315 | D:2      | Identified the +3 leather armour of Galeleosad {Rampage}
  1478 | D:2      | Learned a level 3 spell: Ozocubu's Armour
  2095 | D:3      | Reached XP level 4. HP: 36/36 MP: 10/10
  2897 | D:3      | Slain by a gnoll

Illustrated notes

Levels and vault maps discovered:
D:1:      kennysheep_arrival_forest, layout_rooms,
          shapermc_ecumenical_altar_venn
D:2:      layout_basic
D:3:      layout_basic

Skill      XL: |  1  2  3  4 |
---------------+-------------+-----
Fighting       | 1 2 |  2.0
Spellcasting   | 2 3 |  3.0
Ice Magic      | 4 |  4.2
Stealth        | 2 |  2.0
Dodging        | 2 |  2.0

Action                   |  1- 3 |  4- 6 || total
-------------------------+-------+-------++-------
Melee: Great sword       |    16 |    15 ||    31
 Cast: Freeze            |    52 |    19 ||    71
       Ozocubu's Armour  |       |     4 ||     4
 Stab: Sleeping          |     7 |     3 ||    10
       Distracted        |       |     1 ||     1
Armor: Robe              |    11 |       ||    11
       Leather armour    |     2 |    14 ||    16
Dodge: Dodged            |    33 |    43 ||    76

Table legend: (Time is in decaauts)
 A = Elapsed time spent in this place.
 B = Non-inter-level travel time spent in this place.
 C = Inter-level travel time spent in this place.
 D = Time resting spent in this place.
 E = Time spent auto-exploring this place.
 F = Levels seen in this place.
 G = Mean time per level.
                   A        B        C        D        E       F      G
               +--------+--------+--------+--------+--------+-----+--------+
         Total |   2917 |   2698 |    219 |    670 |   1430 |   3 |  972.3 |
       Dungeon |   2917 |   2698 |    219 |    670 |   1430 |   3 |  972.3 |
               +--------+--------+--------+--------+--------+-----+--------+

Top non-repeatable levels by time:
     D:2: 1489 daAuts
     D:3: 738 daAuts
     D:1: 689 daAuts
